 Dungeon Crawl Stone Soup version 0.31-a0-925-g0a390f2509 (webtiles) character file.

Game seed: 9348843850607019495

78 lunkers the Insei (level 4, -1/35 HPs)
             Began as a Meteoran Shapeshifter on Oct 18, 2023.
             Slain by a gnoll
             ... wielding a +0 halberd of venom
              (8 damage)
             ... on level 3 of the Dungeon.
             The game lasted 00:01:02 (760 turns).

lunkers the Insei (Meteoran Shapeshifter)            Turns: 760, Time: 00:01:03

Health: -1/35      AC:  5    Str: 15    XL:     4   Next: 93%
Magic:  5/5        EV: 11    Int: 12    God:
Gold:   65         SH:  0    Dex: 15    Spells: 3/3 levels left

rFire   . .          .
                       - Unarmed
rCold   . . .        (no shield)
rNeg    . . .        f - +0 ring mail
rPois   .            (helmet currently unavailable)
rElec   .            (cloak currently unavailable)
rCorr   .            (gloves currently unavailable)
SInv    .            (boots currently unavailable)
Will    .....        (no amulet)
Stlth   +            (no ring)
HPRegen 0.25/turn    (no ring)
MPRegen 0.09/turn

%: no passive effects
@: beast-form, glowing
A: beast (slay +2), sense surroundings 1, otherworldly, glowing, explore regen
a: Begin Untransformation


You were on level 3 of the Dungeon.
You were a hulking beast.
You visited 1 branch of the dungeon, and saw 3 of its levels.

You collected 65 gold pieces.

Inventory:

Armour
 a - a +0 animal skin
 f - a +0 ring mail (worn)
Talismans
 c - a beast talisman (active)
 d - a flux talisman
Scrolls
 e - a scroll of identify {unknown}
 h - 3 scrolls of teleportation {unknown}
 i - a scroll of summoning {unknown}
 j - a scroll of poison {unknown}
Potions
 b - a potion of lignification
 g - a potion of heal wounds {unknown}


   Skills:
 - Level 1.1 Fighting
 - Level 2.1 Dodging
 * Level 5.4 Unarmed Combat
 + Level 4.4 Shapeshifting


You had 3 spell levels left.
You didn't know any spells.
Your spell library was empty.

Dungeon Overview and Level Annotations

Branches:
Dungeon (3/15) Zot: 1047

Altars:

Shops:
D:1 *   D:2 !


Innate Abilities, Weirdness & Mutations

You are a hulking beast.
Your limbs bulge with bestial killing power. (Slay +2)
You passively map a small area around you.
You are easily found by Zot.
You glow in the dark.
You regain HP and MP as you explore.


Message History

There are monsters nearby!
You closely miss the orc. You hit the orc.
The orc is moderately wounded.
The orc barely misses you. The orc closely misses you.
The orc hits you with a +0 short sword.
You punch the orc!
You kill the orc!
You closely miss the gnoll. The gnoll hits you with a +0 club.
The gnoll barely misses you.
You punch the gnoll!
The gnoll is severely wounded.
The gnoll hits you with a +0 club. The gnoll barely misses you.
You completely miss the gnoll.
The gnoll is severely wounded.
The gnoll hits you with a +0 club.
The gnoll hits you from afar with a +0 halberd!
* * * LOW HITPOINT WARNING * * *
You closely miss the gnoll.
The gnoll is severely wounded.
The gnoll hits you with a +0 club.
* * * LOW HITPOINT WARNING * * *
The gnoll closely misses you.
You punch the gnoll!
You kill the gnoll!
The gnoll hits you from afar with a +0 halberd.
* * * LOW HITPOINT WARNING * * *
You barely miss the gnoll. You punch the gnoll.
The gnoll is moderately wounded.
The gnoll barely misses you.
You hit the gnoll.
The gnoll is severely wounded.
The gnoll hits you from afar with a +0 halberd!
* * * LOW HITPOINT WARNING * * *
You hit the gnoll.
You kill the gnoll!
Unknown command.
The gnoll hits you from afar with a +0 halberd of venom!
You die...

.####.##.####.#
.........# #.#
.##.....## #.#
##...## #.#
##.## #.# * #.#
#.# #.# #.# *
##'## #.#######
* ##...##
#...hgg.#
##.....##
#######.#
##.......##
###.###)###
#.....<...#
#....g.g..#
+.....<...+
......#.#.#
#.........#
#....#.#..#
##.......##
#.#.#.# #.#
##.....## #
###., .#
##...## , # * #


You could see 2 gnolls.

Vanquished Creatures
  2 gnolls (D:3)
  2 adders (D:2)
  2 worms (D:2)
  A dart slug (D:1)
  An orc (D:3)
  3 ball pythons (D:1)
  2 endoplasms
  A giant cockroach (D:1)
  2 goblins
  A hobgoblin (D:2)
  4 jackals (D:1)
  5 kobolds
  A bat (D:1)
  5 frilled lizards
  3 rats
35 creatures vanquished.

Notes
Turn   | Place    | Note
-------+----------+-------------------------------------------
     0 | D:1      | lunkers the Meteoran Shapeshifter began the quest for the
                  | Orb.
     0 | D:1      | Reached XP level 1. HP: 16/16 MP: 2/2
    29 | D:1      | Reached XP level 2. HP: 17/23 MP: 3/3
    77 | D:1      | Found Goeridgh's General Store.
   127 | D:1      | Reached skill level 4 in Unarmed Combat
   173 | D:1      | Reached XP level 3. HP: 13/28 MP: 4/4
   351 | D:2      | Reached XP level 4. HP: 35/35 MP: 5/5
   370 | D:2      | Reached skill level 5 in Unarmed Combat
   456 | D:2      | Found Qeshra Reteus's Distillery.
   760 | D:3      | Slain by a gnoll

Illustrated notes

Levels and vault maps discovered:
D:1:      spicycebolla_arrival_xxxplode, layout_rooms, serial_shops,
          nicolae_shop_pleasant_corner_grove
D:2:      layout_basic, serial_shops, nicolae_shop_tiny_glass,
          nrook_loot_triangle
D:3:      layout_loops_corners, uniq_terence

Skill      XL: |  1  2  3  4 |
---------------+-------------+-----
Unarmed Combat | 4 5 |  5.4
Shapeshifting  | 4 |  4.4
Fighting       | |  1.1
Dodging        | |  2.1

Action                     |  1- 3 |  4- 6 || total
---------------------------+-------+-------++-------
  Melee: Unarmed           |    56 |    30 ||    86
         Punch             |     2 |     2 ||     4
 Armour: Animal skin       |     5 |       ||     5
         Ring mail         |    27 |    15 ||    42
  Dodge: Dodged            |    26 |    15 ||    41

Table legend: (Time is in decaauts)
 A = Elapsed time spent in this place.
 B = Non-inter-level travel time spent in this place.
 C = Inter-level travel time spent in this place.
 D = Time resting spent in this place.
 E = Time spent auto-exploring this place.
 F = Levels seen in this place.
 G = Mean time per level.
                   A        B        C        D        E       F      G
               +--------+--------+--------+--------+--------+-----+--------+
         Total |    751 |    714 |     37 |      0 |    504 |   3 |  250.3 |
       Dungeon |    751 |    714 |     37 |      0 |    504 |   3 |  250.3 |
               +--------+--------+--------+--------+--------+-----+--------+

Top non-repeatable levels by time:
     D:2: 378 daAuts
     D:1: 314 daAuts
     D:3: 58 daAuts
